cohdb
Replays
Latest Replays
All Replays
Popular Replays
Top Player Replays
Match Explorer
How It Works
Community
CoH3 Stats
Reddit
Sign in to upload your games and track your stats! →
Sign in with Steam
Match 43869201
Unlisted
Match 43869201
Overview
Messages
Build Orders
End
Selects Airborne Battlegroup
Selects Heavy Machine Gun Paradrop
Selects Smoke Bombing Run
Heavy Machine Gun Paradrop
Engineer Squad
Heavy Machine Gun Paradrop
Heavy Machine Gun Paradrop
Construct Medical Station
Air Support Center
Heavy Machine Gun Paradrop
Selects Paratrooper Squad Paradrop
Double Sortie
Air Supremacy
P-47 Strafing Run
P-47 Dive Bomb
Smoke Bombing Run
Grasshopper Recon Run
Construct Weapon Support Center
Construct Motor Pool
Grasshopper Recon Run
.30 cal Machine Gun
Smoke Bombing Run
Paratrooper Squad Paradrop
P-47 Dive Bomb
M24 Chaffee Light Tank
Grasshopper Recon Run
Selects Paradrop Reinforcements
Smoke Bombing Run
Paratrooper Squad Paradrop
Heavy Machine Gun Paradrop
Smoke Bombing Run
Grasshopper Recon Run
P-47 Strafing Run
Ole.B
beri1a
Guderian ITA
Marchino
0
0
Comments
sign in to comment!
No comments posted yet!